 Dungeon Crawl Stone Soup version 0.31-a0-940-gdaa99269f9 (webtiles) character file.

Game seed: 17075828929646066811

11 avis the Ducker (level 2, 13/13 HPs)
             Began as a Felid Artificer on Oct 21, 2023.
             Got out of the dungeon alive.
             The game lasted 00:01:52 (316 turns).

avis the Ducker (Felid Artificer)                    Turns: 316, Time: 00:01:53

Health: 13/13      AC:  1    Str:  8    XL:     2   Next: 17%
Magic:  3/3        EV: 18    Int: 12    God:
Gold:   54         SH:  0    Dex: 16    Spells: 1/1 levels left
                                        Lives:  0   Deaths: 1

rFire   . . .        (weapon unavailable)
rCold   . . .        (shield unavailable)
rNeg    . . .        (body armour unavailable)
rPois   .            (helmet unavailable)
rElec   .            (cloak unavailable)
rCorr   .            (gloves unavailable)
SInv    +            (boots unavailable)
Will    .....        (no amulet)
Stlth   ++           (no ring)
HPRegen 0.22/turn    (no ring)
MPRegen 0.08/turn

%: no passive effects
@: quick
A: very small, claws 1, fangs 3, see invisible, speed 1, shaggy fur 1, stealthy
paws, no weapons or thrown items, no armour, multi-lived
a: no special abilities


You escaped.
You visited 1 branch of the dungeon, and saw 1 of its levels.

You collected 54 gold pieces.

Inventory:

Wands
 a - a wand of flame (15) (quivered)
 b - a wand of charming (15)
 c - a wand of iceblast (5)
Scrolls
 d - a scroll of enchant armour {unknown}
 e - a scroll of brand weapon {unknown}


   Skills:
 - Level 2.0 Fighting
 * Level 3.5 Dodging
 - Level 1.3 Stealth
 - Level 3.2 Evocations


You had one spell level left.
You didn't know any spells.
Your spell library was empty.

Dungeon Overview and Level Annotations

Branches:
Dungeon (1/15)

Altars:


Innate Abilities, Weirdness & Mutations

You have sharp claws.
You have razor-sharp teeth.
You have supernaturally acute eyesight. (SInv)
You cover ground quickly. (Speed+)
You are covered in fur. (AC +1)
Your paws help you pounce on unaware monsters.
You are incapable of wielding weapons or throwing items.
You cannot wear armour.
You gain extra lives every three experience levels.


Message History

There is an open door here.
You scratch the goblin but do no damage.
Your bite misses the goblin. The goblin hits you with a +0 club.
The kobold throws a stone.
The stone misses you.
You scratch the goblin.
The goblin is moderately wounded.
The goblin misses you.
The kobold throws a stone.
The stone misses you.
You scratch the goblin. You bite the goblin.
You kill the goblin!
Things that are here:
a +0 club; a goblin corpse The kobold throws a stone.
The stone barely misses you.
You open the door.
There is an open door here.
A bat comes into view.
A rat comes into view.
A kobold comes into view. It is wielding a +0 dagger.
The kobold shouts!
The kobold throws a stone.
The stone completely misses you. The rat closely misses you.
You scratch the rat.
The rat is moderately wounded.
The rat misses you.
You scratch the rat.
You kill the rat!
You scratch the kobold.
The kobold is severely wounded.
The kobold closely misses you.
You closely miss the kobold.
The kobold is severely wounded.
The kobold hits you with a +0 dagger.
You scratch the kobold.
You kill the kobold!
The kobold throws a stone.
The stone hits you.
Things that are here:
a +0 dagger; 5 stones; a kobold corpse
Found 5 stones.
You see here a +0 quarterstaff.
There is a staircase leading out of the dungeon here.
You have escaped!

#'###### #(#...#####.#
#.# #...........# #.#
♣♣♣####.#####.# #.#
♣♣♣♣P♣♣♣♣#...# #.# #.#
♣♣.......♣♣##.# #.# #.#
♣♣.♣♣♣♣♣♣♣.♣♣#.# #.#
#K#♣♣.♣♣.)..P♣.P♣♣.###.#
#.#♣.♣♣.♣♣♣.♣♣.♣♣♣..##.#
...♣.♣..♣P♣.♣.♣♣@♣#.##.#
##♣♣)♣.♣....♣.♣..♣..##.#
♣P.♣.♣.♣P♣..♣.♣♣.....#
♣♣.♣.♣.♣♣♣.♣♣.♣....###
♣.♣.♣♣...♣♣.♣♣....#
♣.♣♣.♣♣♣♣♣.♣♣.♣.#.#
♣♣.♣♣.....♣♣.♣♣.#.# #
♣♣.♣♣♣♣♣♣♣.♣♣..#.# #
♣♣.......♣♣..#..#


There were no monsters in sight!

Vanquished Creatures
  2 endoplasms (D:1)
  A giant cockroach (D:1)
  2 goblins (D:1)
  2 jackals (D:1)
  A kobold (D:1)
  A rat (D:1)
9 creatures vanquished.

Notes
Turn   | Place    | Note
-------+----------+-------------------------------------------
     0 | D:1      | avis the Felid Artificer began the quest for the Orb.
     0 | D:1      | Reached XP level 1. HP: 9/9 MP: 2/2
   141 | D:1      | Slain by a kobold
   190 | D:1      | Reached XP level 2. HP: 11/13 MP: 3/3
   316 | D:$      | Got out of the dungeon alive.

Illustrated notes

Levels and vault maps discovered:
D:1:      nagdon_arrival_double_spiral, layout_basic,
          minmay_misc_feat_secret_circle

Skill      XL: |  1 |
---------------+----+-----
Fighting       | 2 |  2.0
Dodging        | |  3.5
Stealth        | |  1.3
Evocations     | |  3.2

Action                     || total
---------------------------++-------
  Melee: Unarmed           ||    47
         Bite              ||     5
   Stab: Sleeping          ||     1
 Armour: Skin              ||    14
  Dodge: Dodged            ||    41

Table legend: (Time is in decaauts)
 A = Elapsed time spent in this place.
 B = Non-inter-level travel time spent in this place.
 C = Inter-level travel time spent in this place.
 D = Time resting spent in this place.
 E = Time spent auto-exploring this place.
 F = Levels seen in this place.
 G = Mean time per level.
                   A        B        C        D        E       F      G
               +--------+--------+--------+--------+--------+-----+--------+
         Total |    266 |    221 |     45 |     10 |     85 |   1 |  266.0 |
       Dungeon |    266 |    221 |     45 |     10 |     85 |   1 |  266.0 |
               +--------+--------+--------+--------+--------+-----+--------+

Top non-repeatable levels by time:
     D:1: 266 daAuts
